 Dungeon Crawl Stone Soup version 0.30.1-11-g7821555f0a (webtiles) character file.

Game seed: 1822576450675378261

30 comborobin the Chopper (level 3, -4/31 HPs)
             Began as a Minotaur Delver on Nov 16, 2023.
             Slain by an iguana (8 damage)
             ... on level 5 of the Dungeon.
             The game lasted 00:00:52 (156 turns).

comborobin the Chopper (Minotaur Delver)             Turns: 156, Time: 00:00:53

Health: -4/31      AC:  3    Str: 14 (16) XL:     3   Next: 5%
Magic:  2/2        EV: 11    Int:  6 (7)  God:
Gold:   23         SH:  0    Dex: 11 (13) Spells: 2/2 levels left

rFire   . . .        a - +0 hand axe
rCold   . . .        (no shield)
rNeg    . . .        b - +0 leather armour
rPois   .            (helmet restricted)
rElec   .            (no cloak)
rCorr   .            (no gloves)
SInv    .            (no boots)
Will    .....        (no amulet)
Stlth   ++           (no ring)
HPRegen 0.25/turn    (no ring)
MPRegen 0.08/turn

%: no passive effects
@: no status effects
A: horns 2, retaliatory headbutt
a: no special abilities


You were on level 5 of the Dungeon.
You visited 1 branch of the dungeon, and saw 3 of its levels.

You collected 23 gold pieces.

Inventory:

Hand Weapons
 a - a +0 hand axe (weapon)
Armour
 b - a +0 leather armour (worn)
Wands
 g - a wand of digging (3)
Scrolls
 c - 2 scrolls of fog


   Skills:
 - Level 3.6 Fighting
 + Level 4.3 Axes
 - Level 2.1 Dodging
 - Level 4.1 Stealth


You had 2 spell levels left.
You didn't know any spells.
Your spell library was empty.

Dungeon Overview and Level Annotations

Branches:
Dungeon (6/15)
 Temple: D:4-7

Altars:

Annotations:
D:4 Pikel


Innate Abilities, Weirdness & Mutations

You have a pair of horns on your head.
You reflexively headbutt those who attack you in melee.


Message History

No target in view!
An iguana comes into view.
The iguana hisses angrily.
The iguana bites you but does no damage.
You hit the iguana but do no damage.
You headbutt the iguana, but do no damage.
The iguana bites you.
You hit the iguana.
The iguana is lightly wounded.
The iguana bites you.
You barely miss the iguana. Your headbutt misses the iguana.
The iguana is lightly wounded.
The iguana bites you!
* * * LOW HITPOINT WARNING * * *
The iguana barely misses you.
You are too injured to fight recklessly!
You are too injured to fight recklessly!
You are too injured to fight recklessly!
You are too injured to fight recklessly!
You are too injured to fight recklessly!
You are too injured to fight recklessly!
You are too injured to fight recklessly!
You are too injured to fight recklessly!
You are too injured to fight recklessly!
You are too injured to fight recklessly!
You are too injured to fight recklessly!
You are too injured to fight recklessly!
You are too injured to fight recklessly!
You are too injured to fight recklessly!
You are too injured to fight recklessly!
You are too injured to fight recklessly!
You are too injured to fight recklessly!
You hit the iguana but do no damage.
The iguana is lightly wounded.
The iguana bites you.
* * * LOW HITPOINT WARNING * * *
You hit the iguana.
The iguana is moderately wounded.
The iguana bites you!
You die...

#.# #.# ... #.#
#.# #.# ##.####l#
.......@#
##.###..# ##
#......######...##
#####.....<.......
#########...##
#.## #.# ≈ ##o# §≈
... ≈§§


You could see an iguana.

Vanquished Creatures
  A hound (D:5)
  A ball python (D:4)
2 creatures vanquished.

Notes
Turn   | Place    | Note
-------+----------+-------------------------------------------
     0 | D:5      | comborobin the Minotaur Delver began the quest for the Orb.
     0 | D:5      | Reached XP level 1. HP: 19/19 MP: 0/0
     5 | D:5      | Noticed a hound
     9 | D:5      | Killed a hound
    10 | D:5      | Reached XP level 2. HP: 26/26 MP: 1/1
    10 | D:5      | Reached XP level 3. HP: 31/31 MP: 2/2
   109 | D:4      | Noticed Pikel
   109 | D:4      | Noticed a lemure
   109 | D:4      | Noticed a lemure
   109 | D:4      | Noticed a lemure
   109 | D:4      | Noticed a lemure
   156 | D:5      | Slain by an iguana

Illustrated notes

Levels and vault maps discovered:
D:4:      layout_basic, gammafunk_ghost_abyssal_escape, serial_shops, shop,
          uniq_pikel, uniq_eustachio
D:5:      layout_loops_ring, mainiacjoe_overflow_catwalk_spiral,
          minmay_temple_entry_crystal_x, ebering_ghost_sewer_d,
          minmay_misc_feat_roman
D:6:      layout_gridville

Skill      XL: |  1 |
---------------+----+-----
Axes           | 4 |  4.3
Fighting       | |  3.6
Dodging        | |  2.1
Stealth        | |  4.1

Action                     || total
---------------------------++-------
  Melee: Hand axe          ||     7
         Headbutt          ||     1
    Use: Potion            ||     3
         Scroll            ||     2
 Armour: Leather armour    ||     4
  Dodge: Dodged            ||     4
